 Dungeon Crawl Stone Soup version 0.29.0-11-gd7f09526c8 (webtiles) character file.

Game seed: 15164500611048606050

207 awesomegowd the Chopper (level 5, -14/47 HPs)
             Began as a Hill Orc Fighter on Sept 3, 2022.
             Was a Follower of Cheibriados.
             Demolished by an ogre
             ... wielding a +0 giant club
              (25 damage)
             ... on level 5 of the Dungeon.
             The game lasted 00:18:03 (3665 turns).

awesomegowd the Chopper (Hill Orc Fighter)          Turns: 3665, Time: 00:18:05

Health: -14/47     AC:  7    Str: 23    XL:     5   Next: 85%
Magic:  5/5        EV:  9    Int: 10    God:    Cheibriados [*.....]
Gold:   178        SH:  4    Dex: 12    Spells: 4/4 levels left

rFire   . . .      SeeInvis .   f - +3 broad axe
rCold   . . .      Faith    .   c - +0 buckler
rNeg    . . .      Spirit   .   b - +0 scale mail
rPois   .          Reflect  .   (no helmet)
rElec   .          Harm     .   (no cloak)
rCorr   .          Rampage  .   (no gloves)
Will    .....                   (no boots)
Stlth   ..........              i - amulet of regeneration
HPRegen 0.95/turn               (no ring)
MPRegen 0.09/turn               (no ring)

@: lethally poisoned (-14 -> -19), very slow
A: no striking features
a: Renounce Religion, Bend Time


You were on level 5 of the Dungeon.
You worshipped Cheibriados.
Cheibriados was aware of your devotion.
You visited 1 branch of the dungeon, and saw 5 of its levels.

You collected 178 gold pieces.

Inventory:

Hand Weapons
 a - a +0 war axe
 f - a +3 broad axe (weapon)
Missiles
 k - 11 stones (quivered)
 u - 8 poisoned darts
Armour
 b - a +0 scale mail (worn)
 c - a +0 buckler (worn)
Jewellery
 i - an amulet of regeneration (around neck)
 s - a ring of protection from cold
Wands
 y - a wand of light (9)
Scrolls
 e - 2 scrolls of torment {unknown}
 g - a scroll of magic mapping {unknown}
 h - a scroll of teleportation
 j - a scroll of blinking {unknown}
 l - a scroll of silence {unknown}
 p - a scroll of brand weapon {unknown}
 r - a scroll of enchant weapon {unknown}
 t - a scroll of identify {unknown}
 x - a scroll of amnesia {unknown}
Potions
 d - a potion of might
 m - a potion of degeneration {unknown}
 n - a potion of flight {unknown}
 o - a potion of haste {unknown}
 q - 3 potions of curing {unknown}
 v - 2 potions of ambrosia {unknown}
 w - a potion of berserk rage {unknown}


   Skills:
 + Level 4.6 Fighting
 + Level 5.1 Axes
 + Level 4.6 Armour
 + Level 0.6 Dodging
 + Level 0.3 Stealth
 + Level 3.6 Shields


You had 4 spell levels left.
You didn't know any spells.
Your spell library contained the following spells:

 Spells                   Type           Power      Damage    Failure   Level
 Summon Small Mammal      Summ           0%         N/A       77%         1
 Call Canine Familiar     Summ           0%         N/A       98%         3
 Summon Guardian Golem    Hex/Summ       0%         N/A       98%         3


Dungeon Overview and Level Annotations

Branches:
Dungeon (5/15)
 Temple: D:4-7

Altars:
Ashenzari
Cheibriados
Fedhas
Hepliaklqana
Qazlal
Sif Muna
Uskayaw
Wu Jian


Message History

An adder comes into view.
The adder hisses angrily.
Found a stone staircase leading up.
The adder bites you but does no damage.
You barely miss the adder. The adder bites you.
The adder bites you but does no damage.
You slash the adder!
You kill the adder!
Cheibriados appreciates the change of pace.
You see here an adder corpse.
Found a stone staircase leading down.
A kobold comes into view. It is wielding a +0 dagger.
The kobold shouts!
You slash the kobold!
You kill the kobold!
Cheibriados appreciates the change of pace.
Things that are here:
a +0 dagger; a kobold corpse
There is a stone staircase leading up here.
There is a stone staircase leading down here.
You climb downwards.
You hear the sound of rushing water.
There is an entrance to a sewer on this level.
Hurry and find it before the portal rusts away!
Found a stone staircase leading down.
There is a stone staircase leading up here.
An ogre comes into view. It is wielding a +0 giant club.
The ogre shouts!
The scorpion stings you.
You barely miss the scorpion. You slash the ogre!
You block the scorpion's attack.
The ogre hits you with a +0 giant club!!
You closely miss the scorpion. You hit the ogre. The scorpion stings you. x2
The ogre hits you with a +0 giant club!
* * * LOW HITPOINT WARNING * * *
You barely miss the scorpion. You hit the ogre. The scorpion stings you.
* * * LOW HITPOINT WARNING * * *
You are poisoned.
The scorpion poisons you!
The ogre hits you with a +0 giant club!!
Ouch! That really hurt!
You die...

########## #
#.<#......
#.#.....#
#......###
#>.s@....#
#....O..#.#
##..........
#.###..###.#
#. ..# .# ..
... ## #.#.
.#.#


You could see an ogre and a scorpion.

Vanquished Creatures
  A phantom (D:4)
  An iguana (D:4)
  4 adders
  A worm (D:4)
  3 dart slugs
  An orc (D:4)
  12 endoplasms
  2 giant cockroaches
  6 goblins
  6 hobgoblins
  2 quokkas (D:1)
  6 ball pythons
  5 bats
  4 frilled lizards
  6 kobolds
  3 rats
63 creatures vanquished.

Vanquished Creatures (others)
  A fungus (D:1)
  6 plants (D:1)
7 creatures vanquished.

Grand Total: 70 creatures vanquished

Notes
Turn   | Place    | Note
-------+----------+-------------------------------------------
     0 | D:1      | awesomegowd the Hill Orc Fighter began the quest for the
                  | Orb.
     0 | D:1      | Reached XP level 1. HP: 19/19 MP: 1/1
    62 | D:1      | Reached XP level 2. HP: 16/27 MP: 2/2
   218 | D:1      | Reached skill level 3 in Axes
   273 | D:1      | Reached XP level 3. HP: 20/33 MP: 3/3
   308 | D:1      | Found a faded altar of an unknown god.
  1850 | D:3      | Found a shimmering blue altar of Sif Muna.
  1851 | D:3      | Found a broken altar of Ashenzari.
  1852 | D:3      | Found a stormy altar of Qazlal.
  1852 | D:3      | Found a snail-covered altar of Cheibriados.
  1870 | D:3      | Became a worshipper of Cheibriados the Contemplative
  2029 | D:3      | You fall into a shaft and drop 1 floor!
  2057 | D:3      | Noticed a +0 hand axe
  2057 | D:3      | Noticed a +0 hand axe
  2059 | D:3      | Found a hide-covered altar of Uskayaw.
  2077 | D:3      | Reached XP level 4. HP: 40/40 MP: 4/4
  2506 | D:3      | Reached skill level 4 in Axes
  2552 | D:3      | Found an ornate altar of the Wu Jian Council.
  2906 | D:4      | Reached XP level 5. HP: 9/47 MP: 5/5
  2910 | D:4      | Found a blossoming altar of Fedhas.
  2911 | D:4      | Found a hazy altar of Hepliaklqana.
  2987 | D:4      | Reached * piety under Cheibriados
  3294 | D:4      | Noticed a phantom
  3298 | D:4      | Killed a phantom
  3440 | D:4      | Reached skill level 5 in Axes
  3659 | D:5      | Entered Level 5 of the Dungeon
  3660 | D:5      | Noticed an ogre
  3665 | D:5      | Demolished by an ogre

Illustrated notes

Levels and vault maps discovered:
D:1:      wander_arrival_chamber, layout_basic,
          shapermc_ecumenical_altar_mp_ritualfount
D:2:      layout_loops_corners, grunt_decor_junction, minmay_misc_feat_x
D:3:      layout_loops_ring, nzn_wu_jian_council_hall,
          chequers_temple_overflow_statue_of_worship, dancing_weapons_uskayaw,
          dk_vineyard_2
D:4:      layout_basic, jmf_multi_god_temple
D:5:      layout_basic, gup_sewer_entry_glass, columned_hall_lemuel

Skill      XL: |  1  2  3  4  5 |
---------------+----------------+-----
Axes           | 3 4 5 |  5.1
Fighting       | 4 |  4.6
Armour         | 4 |  4.6
Dodging        | |  0.6
Stealth        | |  0.3
Shields        | |  3.6

Action                   |  1- 3 |  4- 6 || total
-------------------------+-------+-------++-------
Melee: War axe           |    12 |       ||    12
       Broad axe         |    86 |    49 ||   135
  Use: Scroll            |     2 |       ||     2
Armor: Scale mail        |    73 |    30 ||   103
Dodge: Dodged            |    63 |    28 ||    91
Block: Buckler           |    22 |    17 ||    39
